 Dungeon Sprint DCSS version 0.29-a0-96-g93358da72b (webtiles) character file.

Game seed: 10357172403731833621

471 cyrus the Spear-Bearer (level 7, -13/64 HPs)
             Began as a Merfolk Fighter on Feb 11, 2022.
             Was an Initiate of Jiyva.
             Killed from afar by Sonja (19 damage)
             ... with an iceblast
             ... in the Dungeon (Sprint I: "Red Sonja").
             The game lasted 00:02:52 (1229 turns).

cyrus the Spear-Bearer (Merfolk Fighter)            Turns: 1229, Time: 00:02:52

Health: -13/64     AC:  7    Str: 16    XL:     7   Next: 9%
Magic:  7/7        EV:  9    Int:  7    God:    Jiyva [......]
Gold:   297        SH:  6    Dex: 16    Spells: 6/6 levels left

rFire   . . .      SeeInvis .   a - +0 trident
rCold   . . .      Faith    .   c - +0 buckler
rNeg    . . .      Spirit   .   b - +0 scale mail
rPois   .          Reflect  .   (no helmet)
rElec   .          Harm     .   (no cloak)
rCorr   .          Rampage  .   (no gloves)
Will    .....      NoTele   +   (no boots)
Stlth   ..........              (no amulet)
HPRegen 0.20/turn               (no ring)
MPRegen 0.10/turn               (no ring)

@: lethally poisoned (-13 -> -25)
A: (nimble swimmer 2), mertail
a: Renounce Religion


You were in the Dungeon.
You worshipped Jiyva.
Jiyva was noncommittal.
You visited 1 branch You collected 297 gold pieces.

Inventory:

Hand Weapons
 a - a +0 trident (weapon)
 i - a +0 scythe
Armour
 b - a +0 scale mail (worn)
 c - a +0 buckler (worn)
Wands
 d - a wand of flame (2)
Scrolls
 j - a scroll of blinking
Potions
 e - a potion of degeneration {unknown}
 g - a potion of haste
 h - 2 potions of magic


   Skills:
 + Level 9.2 Fighting
 + Level 9.7 Polearms
 + Level 6.3 Armour
 + Level 1.2 Dodging
 + Level 1.0 Stealth
 + Level 7.7 Shields


You had 6 spell levels left.
You didn't know any spells.
Your spell library was empty.

Dungeon Overview and Level Annotations

Branches:
Dungeon (1/1)

Altars:
Makhleb
Sif Muna
Vehumet
Wu Jian
Xom
Jiyva
Lugonu

Annotations:
D Sonja


Innate Abilities, Weirdness & Mutations

((You are very nimble when in or above water. (Stealth+, EV+, Speed+++)))
Your lower body shifts to a powerful aquatic tail in water.


Message History

There is a radiant altar of Vehumet here.
You open the door.
Sonja, the Graceful Assassin comes into view.
She is wielding a +0 short sword of venom, quivering curare-tipped darts and carrying a wand of iceblast (15).
Sonja shouts!
Sonja zaps a wand.
The mass of ice explodes!
The iceblast engulfs you!
Found 108 gold pieces.
Sonja gestures wildly while chanting.
Sonja blinks!
There is an open door here.
You hit Sonja but do no damage. Sonja hits you but does no damage.
You are poisoned.
Sonja barely misses you. x2
You miss Sonja.
You feel sick.
Sonja hits you with a +0 short sword of venom.
You are more poisoned.
Sonja hits you with a +0 short sword of venom.
You are more poisoned.
Sonja closely misses you.
You hear a distant slurping noise.
You puncture Sonja!
Sonja is moderately wounded.
You feel very sick.
Sonja mumbles some strange words.
Sonja blinks!
You feel very sick.
Sonja zaps a wand.
The mass of ice explodes!
The iceblast engulfs you!
Sonja zaps a wand.
The mass of ice explodes!
The iceblast engulfs you!
* * * LOW HITPOINT WARNING * * *
Aiming: Throw Flame
Press: ? - help, Q - select action Shift-Dir - straight line, f - Sonja
Aim: Sonja, wielding a +0 short sword of venom, quivering curare-tipped darts and carrying a wand of iceblast (12) (moderately wounded, 25% to hit)
The puff of flame misses Sonja.
* * * LOW HITPOINT WARNING * * *
You feel very sick.
* * * LOW HITPOINT WARNING * * *
You feel very sick.
Sonja throws a curare-tipped dart.
You block the curare-tipped dart.
You hear a distant slurping noise.
Sonja zaps a wand.
The mass of ice explodes!
The iceblast engulfs you!!
You die...

#<.#..)..#..'..#__#
#..').#..'[.#..'..+
#..#####'#####'#__#
#..# #..#...#(####
#..# ####..##.#
#..# ##'#_.+ #⌠⌠#
+..._# #### #_§#+#
##@# #.# $.$ #$K$#
##.## #+#


You could see Sonja.

Vanquished Creatures
  A slime creature (D)
  Sigmund (D)
  An ogre (D)
  A jelly (D)
  Ijyb (D)
5 creatures vanquished.

Vanquished Creatures (others)
  A floating eye (D)
  2 necrophages (D)
  7 jellies (D)
10 creatures vanquished.

Grand Total: 15 creatures vanquished

Notes
Turn   | Place    | Note
-------+----------+-------------------------------------------
     0 | D        | cyrus the Merfolk Fighter began the quest for the Orb.
     0 | D        | Reached XP level 1. HP: 18/18 MP: 1/1
     2 | D        | Noticed Ijyb
    12 | D        | Killed Ijyb
    13 | D        | Reached XP level 2. HP: 18/26 MP: 2/2
    13 | D        | Reached XP level 3. HP: 22/32 MP: 3/3
   209 | D        | Noticed an ogre
   214 | D        | HP: 1/48 [ogre (26)]
   215 | D        | Killed an ogre
   216 | D        | Reached skill level 5 in Polearms
   216 | D        | Reached skill level 5 in Shields
   216 | D        | Reached XP level 4. HP: 2/41 MP: 4/4
   776 | D        | Noticed Sigmund
   792 | D        | Killed Sigmund
   793 | D        | Reached skill level 5 in Armour
   793 | D        | Reached XP level 5. HP: 49/49 MP: 5/5
   793 | D        | Reached XP level 6. HP: 56/56 MP: 6/6
   823 | D        | Found an ornate altar of the Wu Jian Council.
   823 | D        | Found a shimmering blue altar of Sif Muna.
   825 | D        | Found a radiant altar of Vehumet.
   841 | D        | Found a burning altar of Makhleb.
   841 | D        | Found a viscous altar of Jiyva.
   841 | D        | Found a shimmering altar of Xom.
   841 | D        | Found a corrupted altar of Lugonu.
   841 | D        | Noticed a slime creature
   864 | D        | Killed a slime creature
   865 | D        | Reached skill level 1 in Dodging
   865 | D        | Reached skill level 1 in Stealth
   865 | D        | Reached XP level 7. HP: 19/64 MP: 7/7
  1190 | D        | Became a worshipper of Jiyva Juseol the Shapeless
  1222 | D        | Noticed Sonja
  1229 | D        | Killed from afar by Sonja

Illustrated notes

Levels and vault maps discovered:
D:        dungeon_sprint_1 [red_sonja_temple_1, red_sonja_temple_small_1]

Skill      XL: |  1  2  3  4  5  6 |
---------------+-------------------+-----
Fighting       | 4 6 8 9 |  9.2
Armour         | 3 4 5 6 |  6.3
Shields        | 4 5 7 |  7.7
Polearms       | 5 7 9 |  9.7
Dodging        | 1 |  1.2
Stealth        | 1 |  1.0

Action                   |  1- 3 |  4- 6 |  7- 9 || total
-------------------------+-------+-------+-------++-------
Melee: Trident           |    12 |    37 |     3 ||    52
Evoke: Wand              |       |       |     1 ||     1
  Use: Potion            |     3 |     2 |       ||     5
Armor: Scale mail        |     3 |     7 |     1 ||    11
Dodge: Dodged            |     3 |    10 |     3 ||    16
Block: Buckler           |     1 |     8 |     1 ||    10

Table legend: (Time is in decaauts)
 A = Elapsed time spent in this place.
 B = Non-inter-level travel time spent in this place.
 C = Inter-level travel time spent in this place.
 D = Time resting spent in this place.
 E = Time spent auto-exploring this place.
 F = Levels seen in this place.
 G = Mean time per level.
                   A        B        C        D        E       F      G
               +--------+--------+--------+--------+--------+-----+--------+
         Total |   1239 |   1239 |      0 |   1075 |      0 |   1 | 1239.0 |
       Dungeon |   1239 |   1239 |      0 |   1075 |      0 |   1 | 1239.0 |
               +--------+--------+--------+--------+--------+-----+--------+

Top non-repeatable levels by time:
       D: 1239 daAuts
